 Dungeon Crawl Stone Soup version 0.31-a0-344-gd109795599 (webtiles) character file.

Game seed: 14635233246918481745

265899 Nevets123 the Executioner (level 20, -7/202 HPs)
             Began as a Minotaur Berserker on July 21, 2023.
             Was the Champion of Trog.
             Mangled by a snapping turtle (13 damage)
             ... on level 4 of the Shoals.
             The game lasted 01:54:24 (26555 turns).

Nevets123 the Executioner (Minotaur Berserker)     Turns: 26555, Time: 01:54:25

Health: -7/202     AC: 36    Str: 32    XL:     20   Next: 2%
Magic:  19/19      EV: 11    Int:  5    God:    Trog [******]
Gold:   3260       SH: 20    Dex: 18    Spells: 19/19 levels left

rFire   + + .        N - +8 broad axe (flame)
rCold   . . .        l - +5 Storm Queen's Shield {shock, Fly rElec}
rNeg    . . .        R - +8 plate armour "Plog" {rF+}
rPois   .            (helmet restricted)
rElec   +            I - scarf {repulsion}
rCorr   .            H - +3 pair of gauntlets of War {Slay+5}
SInv    +            g - +2 pair of boots
Will    +....        m - amulet of regeneration Stlth
                     S - ring of Departure {rF+ Dex+4 Stlth+}
HPRegen 2.33/turn    u - ring "Wizihiuc" {Str+4 SInv}
MPRegen 0.16/turn

%: repel missiles
@: lit by a corona, weak-willed, marked, engulfed (cannot breathe),
strong-willed, flying, mesmerised, regenerating, glowing
A: horns 2, retaliatory headbutt, iridescent scales 1, deterioration 1, strong 1
a: Renounce Religion, Berserk, Trog's Hand, Brothers in Arms


You were on level 4 of the Shoals.
You worshipped Trog.
Trog was exalted by your worship.
You visited 5 branches of the dungeon, and saw 29 of its levels.
You visited the Abyss 4 times.
You visited 1 bazaar.
You also visited: Sewer, Ossuary and Bailey.

You collected 3680 gold pieces.
You spent 420 gold pieces at shops.

Inventory:

Hand Weapons
 n - the +8 battleaxe of Zuic {flame, Str+3}
   (Trog gifted it to you on level 1 of the Orcish Mines)

   Str:       It affects your strength (+3).
 t - a +10 broad axe
 N - a +8 broad axe of flaming (weapon)
Missiles
 r - 3 throwing nets
Armour
 g - a +2 pair of boots (worn)
 l - the +5 Storm Queen's Shield (worn) {shock, Fly rElec}
   (You acquired it on level 10 of the Dungeon)

   Shock:     When it blocks an attack, it may electrocute the attacker.
   This works even against foes who are a short distance away.
   rElec:     It insulates you from electricity.
   Fly:       It grants you flight.
 E - +0 fire dragon scales
 H - the +3 pair of gauntlets of War (worn) {Slay+5}
   (You acquired it on level 10 of the Dungeon)

   Slay:      It affects your accuracy & damage with ranged weapons and melee
   (+5).
 I - a scarf of repulsion (worn)
 R - the +8 plate armour "Plog" (worn) {rF+}
   (You found it on level 3 of the Elven Halls)

   rF:        It protects you from fire.
 V - a +2 cloak of preservation
Jewellery
 c - a +5 ring of evasion
 m - an amulet of regeneration (around neck)
 u - the ring "Wizihiuc" (right hand) {Str+4 SInv}
   (You acquired it in a bailey)

   [ring of see invisible]

   Str:       It affects your strength (+4).
   SInv:      It lets you see invisible.
 v - an amulet of magic regeneration
 B - a ring of ice
 K - a ring of ice
 M - a ring of magical power
 O - a +5 ring of evasion
 P - a ring of poison resistance
 Q - an amulet of guardian spirit
 S - the ring of Departure (left hand) {rF+ Dex+4 Stlth+}
   (You found it on level 3 of the Elven Halls)

   [ring of protection from fire]

   Dex:       It affects your dexterity (+4).
   rF:        It protects you from fire.
   Stlth:     It makes you more stealthy.
 T - a ring of magical power
 W - a ring of protection from fire
Wands
 f - a wand of mindburst (11)
 h - a wand of polymorph (10)
 s - a wand of digging (11)
 y - a wand of roots (60)
 z - a wand of flame (51)
 C - a wand of acid (20)
 L - a wand of paralysis (25)
Scrolls
 a - 8 scrolls of revelation
 d - 5 scrolls of blinking
 o - 9 scrolls of butterflies
 q - 11 scrolls of teleportation
 w - 4 scrolls of fog
 A - 12 scrolls of identify
 D - 3 scrolls of fear
 J - 2 scrolls of silence
Potions
 b - 17 potions of curing
 e - 4 potions of cancellation
 i - 2 potions of invisibility
 j - 7 potions of haste
 k - 6 potions of might
 p - 6 potions of heal wounds
 x - a potion of berserk rage
 G - 4 potions of enlightenment
 U - a potion of resistance


   Skills:
 * Level 22.7 Fighting
 + Level 22.8(22.9) Axes
 + Level 3.2(15.4) Maces & Flails
 * Level 18.2 Armour
 + Level 4.8 Dodging
 * Level 18.4 Shields
 * Level 7.9 Unarmed Combat


You had 19 spell levels left.
You didn't know any spells.
Your spell library was empty.

Dungeon Overview and Level Annotations

Branches:
Dungeon (15/15)            Temple (0/1) D:6            Lair (5/5) D:11
 Shoals (4/4) Lair:3        Snake (0/4) Lair:3        Slime (0/5) Lair:4
    Orc (2/2) D:12            Elf (3/3) Orc:2        Vaults (0/5) D:13
 Depths (0/4) D:15          Sewer (visited)         Ossuary (visited)
 Bailey (visited)

Altars:
Cheibriados
Nemelex Xobeh
Okawaru
Uskayaw
Xom
Zin
Jiyva

Shops:
D:4 *   D:7 :   D:12 !   Orc:1 [   Orc:2 [*==(   Elf:3 =[

Annotations:
Lair:2 3 runed translucent doors, initializr's ghost, adept DrSh


Innate Abilities, Weirdness & Mutations

You have a pair of horns on your head.
You reflexively headbutt those who attack you in melee.
You are partially covered in iridescent scales. (AC +2)
Your body sometimes deteriorates upon taking damage.
Your muscles are strong. (Str +4, Int/Dex -1)


Message History

The merfolk javelineer throws a silver javelin.
The silver javelin pierces through you.
* * * LOW HITPOINT WARNING * * *
The silver sears you!
* * * LOW HITPOINT WARNING * * *
The silver javelin pierces through the faun!
The merfolk siren chants its luring song.
The merfolk barely misses you.
The merfolk avatar chants its luring song.
The alligator snapping turtle barely misses you.
Things that are here:
a +0 trident; a sea snake corpse; a merfolk corpse You slice the merfolk javelineer like a ripe choko!!!
You burn the merfolk javelineer!
The merfolk javelineer is severely wounded.
You barely miss the snapping turtle. You slice the faun!! You burn the faun.
You kill the faun!
Trog accepts your kill. Trog grants you a weapon!
Something appears at your feet!
You hear a splash.
You see here a +3 demon whip of flaming.
Trog appreciates your killing of a magic user.
You slice the water elemental!! You burn the water elemental!
You slash the merfolk! You burn the merfolk.
* * * LOW HITPOINT WARNING * * *
Your lungs strain for air!
The water nymph casts a spell at you. The water rises up and strikes you.
* * * LOW HITPOINT WARNING * * *
The water nymph gestures at you while chanting.
The water rises up and strikes you!
* * * LOW HITPOINT WARNING * * *
You block the merfolk's attack.
Your shield discharges, shocking the merfolk!
A merfolk javelineer comes into view. It is wielding a +0 spear.
The merfolk aquamancer mumbles some strange words.
The merfolk aquamancer blinks!
You block the water elemental's attack. The snapping turtle bites you!
You die...

...........~≈≈≈§....
~m...m....~~≈≈≈~~..
~....m....~~≈≈≈~~..
~~~.mkm...~~≈≈≈~...
~m~..§.).~~~≈≈≈~...
≈~~~....†~~≈≈≈≈~~..
~~Hm..m~c§m≈m≈≈~~~~
~~~~.Smmmtt≈≈≈≈≈~~~
~~.....)@†m≈≈≈≈≈≈≈~
~~.....E~~≈≈≈≈≈≈≈≈≈
~~...<..~~†m≈≈≈≈≈≈≈
~~c.....~~~c~c~c...,
~......~~~~~~~.###
~......~~~~~~~.#
.......~~~≈≈~~.#
........~~~~~~..
~~~~~
##......~~..~~~.
~~~~~


You could see an alligator snapping turtle, 2 merfolk avatars, 4 merfolk
javelineers, a sea snake, 2 merfolk aquamancers, a snapping turtle, a wind drake
(repels missiles), 4 merfolk, 5 fauns, a manticore, a water elemental, a merfolk
siren (mesmerising) and 2 water nymphs.

Vanquished Creatures
  Saint Roka (Orc:2)
  Nikola (Shoals:2)
  A bone dragon (Abyss:2)
  2 deep elf master archers (Elf:3)
  2 krakens
  2 tentacled starspawn (Abyss:2)
  2 deep elf blademasters (Elf:3)
  Gastronok (Lair:3)
  Polyphemus (Shoals:2)
  2 Executioners (Abyss:2)
  Donald (Orc:2)
  A revenant (Abyss:2)
  6 deep elf sorcerers
  A cacodemon (Abyss:2)
  2 orc warlords
  8 deep elf elementalists (Elf:3)
  A reaper (Abyss:2)
  A very ugly thing (Abyss:2)
  10 deep elf demonologists
  2 dire elephants (Lair:3)
  3 deep elf annihilators
  4 merfolk javelineers (Shoals:1)
  An ettin (Orc:2)
  8 deep elf death magi
  Snorg (D:10)
  8 merfolk impalers
  A great orb of eyes (Abyss:2)
  A deep elf high priest (Elf:3)
  A rakshasa (Abyss:2)
  Fannar (D:11)
  2 catoblepae
  2 vault guards (D:13)
  5 hydras
  A merfolk aquamancer (Shoals:3)
  3 merfolk avatars
  5 boulder beetles
  3 centaur warriors
  2 tengu warriors (D:14)
  40 dancing weapons
  A satyr (Shoals:2)
  2 alligator snapping turtles (Shoals:3)
  A two-headed ogre (D:14)
  12 death yaks
  A hell hog (Abyss:2)
  Sonja (Lair:2)
  5 thrashing horrors (Abyss:2)
  Nergalle (Lair:2)
  2 orc high priests
  16 deep elf knights
  2 wretched stars (Abyss:2)
  6 skysharks
  A sixfirhy (Abyss:2)
  3 skeletal warriors (D:14)
  7 sea snakes
  A glowing orange brain (Abyss:2)
  A flayed ghost (Abyss:2)
  6 slime creatures
  9 deep elf archers
  7 wizards
  4 orc knights (Orc:2)
  A lindwurm (Lair:2)
  21 deep elf zephyrmancers
  15 harpies
  17 ugly things
  28 deep elf pyromancers
  16 manticores
  A mana viper (Abyss:2)
  8 cyclopes
  3 orc sorcerers (Orc:2)
  4 oklob plants (Lair:2)
  11 fauns
  2 necromancers
  A wolf spider (Lair:5)
  A salamander (shapeshifter) (D:14)
  21 elephants
  A centaur zombie (D:15)
  An apocalypse crab (Abyss:2)
  2 guardian serpents
  Joseph (D:8)
  7 black mambas
  3 merfolk sirens
  3 smoke demons (Abyss:2)
  22 cane toads
  6 water nymphs
  A centaur skeleton (D:15)
  Maggie (Lair:1)
  An unseen horror (Abyss:2)
  4 rime drakes
  A kobold demonologist (D:10)
  5 komodo dragons
  2 freezing wraiths
  3 tengu conjurers
  8 trolls
  4 ancient zymes (Abyss:2)
  9 merfolk
  A harpy zombie (Abyss:2)
  5 wind drakes
  2 polar bears
  Prince Ribbit (D:5)
  An ettin zombie (Abyss:2)
  3 hornets (Lair:5)
  A blink frog (Lair:2)
  5 snapping turtles
  3 dream sheep (Shoals:3)
  7 raiju (Abyss:2)
  A centaur simulacrum (D:15)
  2 air elementals (Elf:2)
  6 water elementals
  A culicivora (shapeshifter) (D:13)
  3 shadows
  4 ynoxinuls (Abyss:2)
  6 wraiths
  17 wyverns
  5 fire elementals
  19 humans (D:13)
  45 yaks
  3 steam dragons
  3 basilisks
  14 large abominations
  27 starcursed masses (Abyss:2)
  A chaos spawn (Abyss:2)
  2 redbacks (Lair:5)
  5 wargs
  An acid dragon (shapeshifter) (Elf:3)
  An acid dragon (D:10)
  24 water moccasins
  4 hell hounds
  3 black bears
  38 orc warriors
  2 black bears (shapeshifter)
  5 ogres
  2 phantoms (D:5)
  25 wolves
  2 centaurs (D:9)
  A kobold brigand (D:6)
  Blork the orc (Orc:2)
  12 bullfrogs
  3 earth elementals
  2 gnoll sergeants
  3 scorpions
  A cane toad simulacrum (Lair:2)
  2 water moccasin zombies (Ossuary)
  8 wights
  2 electric eels
  11 howler monkeys
  8 jellies
  18 orc priests
  2 iron imps
  2 iguanas (D:4)
  18 orc wizards
  2 wolf simulacra (Lair:2)
  6 small abominations (Abyss:2)
  2 mummies (Ossuary)
  8 adders
  21 gnolls
  3 river rats
  A shadow imp (D:4)
  A white imp (Abyss:2)
  2 ufetubi
  4 adder zombies (Ossuary)
  4 dart slugs
  4 worms
  53 orcs
  14 ball pythons
  4 bats
  14 endoplasms
  6 giant cockroaches
  3 gnoll zombies (Ossuary)
  21 goblins
  6 hobgoblins
  2 jackals (D:2)
  14 kobolds
  A quokka (D:2)
  4 frilled lizards
  4 hobgoblin zombies (Ossuary)
  5 kobold zombies (Ossuary)
  4 orc zombies (Ossuary)
  6 rats
  2 rat zombies (D:5)
  5 tentacles
1084 creatures vanquished.

Vanquished Creatures (others)
  A deep elf annihilator (Elf:3)
  A deep elf knight (Elf:3)
  A harpy (Shoals:4)
  A fire elemental (Elf:2)
  An orc wizard (Orc:2)
  An orc (Orc:2)
  8 starspawn tentacles (Abyss:2)
  7 tentacles
21 creatures vanquished.

Grand Total: 1105 creatures vanquished

Notes
Turn   | Place    | Note
-------+----------+-------------------------------------------
     0 | D:1      | Nevets123 the Minotaur Berserker began the quest for the
                  | Orb.
     0 | D:1      | Reached XP level 1. HP: 19/19 MP: 0/0
    87 | D:1      | Gained mutation: You are partially covered in iridescent
                  | scales. (AC +2) [potion of mutation]
    87 | D:1      | Gained mutation: You have very sharp teeth. [potion of
                  | mutation]
   102 | D:1      | Reached XP level 2. HP: 25/27 MP: 1/1
   224 | D:1      | Reached XP level 3. HP: 33/33 MP: 2/2
   459 | D:1      | Reached ** piety under Trog
   904 | D:2      | Found a glowing silver altar of Zin.
  1009 | D:3      | Reached XP level 4. HP: 41/41 MP: 3/3
  1014 | D:3      | Found a glowing drain.
  1016 | D:3      | Noticed an ogre
  1024 | D:3      | Killed an ogre
  1025 | D:3      | Reached skill level 5 in Axes
  1025 | D:3      | Reached XP level 5. HP: 47/47 MP: 4/4
  1033 | Sewer    | Entered a sewer
  1202 | Sewer    | Lost mutation: You are partially covered in iridescent
                  | scales. (AC +2) [potion of mutation]
  1202 | Sewer    | Lost mutation: You have very sharp teeth. [potion of
                  | mutation]
  1202 | Sewer    | Gained mutation: You have a pair of large horns on your
                  | head. [potion of mutation]
  1244 | Sewer    | Reached skill level 5 in Fighting
  1244 | Sewer    | Reached XP level 6. HP: 55/56 MP: 5/5
  1264 | Sewer    | Reached *** piety under Trog
  1286 | Sewer    | Found a viscous altar of Jiyva.
  1783 | D:2      | You fall into a shaft and drop 2 floors!
  2562 | D:4      | Reached XP level 7. HP: 61/61 MP: 6/6
  2576 | D:5      | Entered Level 5 of the Dungeon
  2576 | D:5      | Noticed Prince Ribbit
  2583 | D:5      | Killed Prince Ribbit
  2656 | D:5      | Reached skill level 5 in Armour
  2719 | D:5      | Found a sand-covered staircase.
  2734 | Ossuary  | Entered an ossuary
  2766 | Ossuary  | Reached XP level 8. HP: 62/70 MP: 7/7
  2803 | Ossuary  | Reached **** piety under Trog
  2912 | Ossuary  | Lost mutation: You have a pair of large horns on your head.
                  | [potion of mutation]
  2912 | Ossuary  | Gained mutation: You are partially covered in iridescent
                  | scales. (AC +2) [potion of mutation]
  2912 | Ossuary  | Gained mutation: Your muscles are strong. (Str +4, Int/Dex
                  | -1) [potion of mutation]
  3410 | D:4      | Found Edoq's General Store.
  3678 | D:5      | Found a sparkling altar of Nemelex Xobeh.
  3831 | D:6      | Reached skill level 10 in Axes
  4184 | D:7      | Found a flagged portal.
  4190 | Bailey   | Entered a bailey
  4274 | Bailey   | Reached XP level 9. HP: 50/78 MP: 8/8
  4390 | Bailey   | Reached ***** piety under Trog
  4415 | Bailey   | Identified a scroll of acquirement
  4416 | Bailey   | Acquired the +0 pair of gloves of the Trees {Will+ Int+2}
  4586 | Bailey   | Noticed an orc warlord
  4608 | Bailey   | Killed an orc warlord
  4857 | Bailey   | Acquired the ring "Wizihiuc" {Str+4 SInv}
  4986 | D:6      | Found a staircase to the Ecumenical Temple.
  5268 | D:7      | Reached XP level 10. HP: 88/88 MP: 9/9
  5426 | D:7      | Found Kolowkyo's Book Shop.
  5477 | D:7      | Found a snail-covered altar of Cheibriados.
  5725 | D:8      | Noticed Joseph
  5735 | D:8      | Killed Joseph
  6392 | D:10     | Entered Level 10 of the Dungeon
  6879 | D:9      | Reached skill level 10 in Armour
  7171 | D:10     | Reached skill level 15 in Axes
  7260 | D:10     | Acquired the +3 pair of gauntlets of War {Slay+5}
  7260 | D:10     | Found the +3 pair of gauntlets of War {Slay+5}
  7330 | D:10     | Acquired the +5 Storm Queen's Shield {shock, Fly rElec}
  7330 | D:10     | Found the +5 Storm Queen's Shield {shock, Fly rElec}
  7792 | D:10     | Reached skill level 1 in Shields
  7792 | D:10     | Reached XP level 11. HP: 97/97 MP: 10/10
  7822 | D:10     | Noticed Snorg
  7828 | D:10     | Killed Snorg
  8056 | D:11     | Found a staircase to the Lair.
  8353 | D:11     | Noticed a boulder beetle
  8366 | D:11     | Killed a boulder beetle
  8367 | D:11     | Reached skill level 10 in Fighting
  8412 | D:11     | Noticed Fannar
  8420 | D:11     | Killed Fannar
  8972 | D:13     | Noticed a boulder beetle
  8984 | D:13     | Killed a boulder beetle
  9093 | D:12     | Found a staircase to the Orcish Mines.
  9097 | Orc:1    | Entered Level 1 of the Orcish Mines
  9119 | D:12     | Noticed a red ugly thing
  9130 | D:12     | Killed a red ugly thing
  9233 | D:12     | Received a gift from Trog
  9236 | D:12     | Reached skill level 5 in Shields
  9374 | D:12     | Found Fetaiced's Distillery.
  9447 | D:13     | Reached XP level 12. HP: 96/108 MP: 11/11
  9482 | D:13     | Found an iron altar of Okawaru.
  9610 | D:13     | Noticed a centaur warrior
  9618 | D:13     | Killed a centaur warrior
  9624 | D:14     | Noticed a centaur warrior
  9708 | D:13     | Noticed a seven-headed hydra
  9715 | D:13     | Killed a seven-headed hydra
  9896 | D:13     | Reached skill level 1 in Maces & Flails
  9906 | D:13     | Found a gate to the Vaults.
  9906 | D:13     | Noticed a vault guard
  9906 | D:13     | Noticed a vault guard
  9912 | D:13     | Killed a vault guard
  9918 | D:13     | Killed a vault guard
 10097 | D:14     | Noticed a tengu warrior
 10110 | D:14     | Killed a tengu warrior
 10218 | D:14     | Killed a centaur warrior
 10226 | D:15     | Entered Level 15 of the Dungeon
 10252 | D:14     | Found the +6 arbalest "Damnation" {damnation}
 10270 | D:15     | Reached XP level 13. HP: 118/118 MP: 12/12
 11198 | D:15     | Received a gift from Trog
 11721 | Abyss:2  | Cast into level 2 of the Abyss (a wizard)
 11736 | Abyss:2  | Found a corrupted altar of Lugonu.
 11915 | Abyss:2  | Noticed a bone dragon
 11930 | Abyss:2  | Killed a bone dragon
 11945 | Abyss:2  | Noticed an Executioner
 11951 | Abyss:2  | Killed an Executioner
 12057 | Abyss:2  | Noticed a reaper
 12073 | Abyss:2  | Killed a reaper
 12074 | Abyss:2  | Reached XP level 14. HP: 59/132 MP: 13/13
 12332 | Abyss:2  | Noticed a tentacled starspawn
 12359 | Abyss:2  | Killed a tentacled starspawn
 12362 | D:15     | Escaped the Abyss
 12389 | D:15     | Reached skill level 10 in Shields
 12391 | D:15     | Found a staircase to the Depths.
 12557 | D:15     | Identified the +3 ring mail of Generosity {rC- rN++}
 12810 | Orc:2    | Entered Level 2 of the Orcish Mines
 12869 | Orc:1    | Reached ****** piety under Trog
 12951 | Orc:1    | Found Beceref's Armour Boutique.
 12953 | Orc:1    | Received a gift from Trog
 13234 | Orc:2    | Noticed Saint Roka
 13252 | Orc:2    | Noticed Donald
 13264 | Orc:2    | Killed Donald
 13266 | Orc:2    | Killed Saint Roka
 13565 | Orc:2    | Found a staircase to the Elven Halls.
 13573 | Orc:2    | Reached skill level 15 in Fighting
 13573 | Orc:2    | Noticed Blork the orc
 13585 | Orc:2    | Noticed an orc warlord
 13587 | Orc:2    | Killed Blork the orc
 13597 | Orc:2    | Killed an orc warlord
 13619 | Orc:2    | Found Bagyaxona's General Store.
 13626 | Orc:2    | Found Piraku's Antique Weapon Shoppe.
 13631 | Orc:2    | Found Ryhokicw's Jewellery Shoppe.
 14056 | Orc:1    | Identified the +8 battleaxe of Zuic {flame, Str+3} (Trog
                  | gifted it to you on level 1 of the Orcish Mines)
 14056 | Orc:1    | Received a gift from Trog
 14335 | Orc:2    | Found Ysojasoa's Antique Armour Shoppe.
 14359 | Orc:2    | Found Nifent's Jewellery Boutique.
 14362 | Orc:2    | Bought an amulet of regeneration for 420 gold pieces
 14581 | Lair:1   | Entered Level 1 of the Lair of Beasts
 14618 | Lair:1   | Noticed Maggie
 14631 | Lair:1   | Killed Maggie
 14662 | Lair:1   | Found a gate leading to a gauntlet.
 15495 | Lair:2   | Found a runed translucent gate.
 15495 | Lair:2   | Found a runed translucent gate.
 15496 | Lair:2   | Found a runed translucent gate.
 15497 | Lair:2   | Noticed Nergalle
 15498 | Lair:2   | Noticed initializr's ghost (adept DrSh)
 15505 | Lair:2   | Killed Nergalle
 15659 | Lair:2   | Reached XP level 15. HP: 30/144 MP: 14/14
 15672 | Lair:2   | HP: 3/144 [oklob plant/splash of acid (28)]
 16063 | Lair:2   | Noticed Sonja
 16071 | Abyss:2  | Cast into level 2 of the Abyss (Sonja)
 16095 | Abyss:2  | Noticed a revenant
 16104 | Abyss:2  | Killed a revenant
 16108 | Abyss:2  | Noticed a tentacled starspawn
 16113 | Abyss:2  | Killed a tentacled starspawn
 16168 | Abyss:2  | Received a gift from Trog
 16222 | Abyss:2  | Found a corrupted altar of Lugonu.
 16239 | Abyss:2  | Reached skill level 15 in Armour
 16241 | Lair:2   | Escaped the Abyss
 16247 | Lair:2   | Killed Sonja
 16285 | Lair:3   | Found a staircase to the Snake Pit.
 16510 | Lair:2   | Found a viscous altar of Jiyva.
 16537 | Lair:3   | Noticed Gastronok
 16551 | Lair:3   | Killed Gastronok
 16611 | Lair:3   | Found a staircase to the Shoals.
 16631 | Shoals:1 | Entered Level 1 of the Shoals
 17188 | Lair:3   | Found a runed translucent door.
 17547 | Lair:3   | Identified the staff of Overwhelming Force {rF- Str+2 Dex+9
                  | Conj Earth}
 17626 | Lair:5   | Entered Level 5 of the Lair of Beasts
 18158 | Lair:4   | Found a staircase to the Slime Pits.
 18158 | Lair:4   | Found a viscous altar of Jiyva.
 18524 | Lair:5   | Received a gift from Trog
 18672 | Lair:5   | Reached XP level 16. HP: 157/157 MP: 15/15
 19376 | Lair:5   | Identified the ring "Ehadasit" {rF+ Str-4 Dex+5}
 19439 | Lair:5   | Received a gift from Trog
 19840 | Elf:1    | Entered Level 1 of the Elven Halls
 19849 | Elf:1    | Reached skill level 1 in Unarmed Combat
 19931 | Elf:1    | You are sucked into a shaft and drop 1 floor!
 20027 | Elf:2    | Found a runed translucent gate.
 20027 | Elf:2    | Found a runed translucent gate.
 20027 | Elf:2    | Found a runed translucent gate.
 20343 | Elf:2    | Identified the +6 scimitar "Newt's Death Toll" {drain, rN+
                  | Will+ MP+9}
 20450 | Elf:2    | Found a shimmering altar of Xom.
 20463 | Elf:2    | Received a gift from Trog
 20474 | Elf:2    | Identified the +1 trident "Kunyin" {freeze, rF+ rC+ Dex-5}
 20481 | Elf:3    | Entered Level 3 of the Elven Halls
 20680 | Elf:2    | Reached XP level 17. HP: 169/169 MP: 16/16
 20692 | Elf:2    | Reached skill level 15 in Shields
 21178 | Elf:1    | Received a gift from Trog
 22070 | Elf:3    | Found Noin's Jewellery Shop.
 22072 | Elf:3    | Found Coaggina's Armour Boutique.
 22112 | Elf:3    | Noticed a deep elf blademaster
 22119 | Elf:3    | Killed a deep elf blademaster
 22132 | Elf:3    | Noticed a deep elf blademaster
 22134 | Abyss:2  | Cast into level 2 of the Abyss (a deep elf sorcerer)
 22209 | Abyss:2  | Received a gift from Trog
 22418 | Abyss:2  | Gained mutation: Your body sometimes deteriorates upon
                  | taking damage. [a cacodemon]
 22441 | Abyss:2  | Found an opulent altar of Gozag.
 22448 | Abyss:2  | Reached skill level 5 in Unarmed Combat
 22475 | Abyss:2  | Paralysed by accursed screaming for 1 turns
 22561 | Abyss:2  | Found an opulent altar of Gozag.
 22562 | Abyss:2  | Found a corrupted altar of Lugonu.
 22562 | Abyss:2  | Found a corrupted altar of Lugonu.
 22562 | Abyss:2  | Found an opulent altar of Gozag.
 22562 | Abyss:2  | Found a corrupted altar of Lugonu.
 22562 | Abyss:2  | Found an opulent altar of Gozag.
 22602 | Abyss:2  | Found a corrupted altar of Lugonu.
 22735 | Elf:3    | Escaped the Abyss
 22748 | Elf:3    | Killed a deep elf blademaster
 22756 | Elf:3    | Noticed a deep elf master archer
 22775 | Elf:3    | Killed a deep elf master archer
 22787 | Elf:3    | Received a gift from Trog
 22788 | Elf:3    | Reached XP level 18. HP: 149/182 MP: 17/17
 22805 | Elf:3    | Noticed a Brimstone Fiend
 22809 | Abyss:2  | Cast into level 2 of the Abyss (a deep elf demonologist)
 22844 | Elf:3    | Escaped the Abyss
 22918 | Elf:3    | Found a gateway to a bazaar.
 23035 | Elf:3    | Found a hide-covered altar of Uskayaw.
 23202 | Elf:3    | Identified the staff "Orb Guardian's Bane" {rElec rCorr
                  | Str+2 Earth}
 23354 | Elf:3    | Identified the +7 orcbow of Jueppuny {elec, *Corrode rC+
                  | MP+9}
 23356 | Elf:3    | Identified the +8 plate armour "Plog" {rF+}
 23389 | Elf:3    | Identified the ring of Departure {rF+ Dex+4 Stlth+}
 23428 | Elf:3    | Identified the +3 scimitar of the Bedazzling Rat {heavy,
                  | Stlth+}
 23505 | Bazaar   | Entered a bazaar
 23517 | Bazaar   | Found Loapne's Jewellery Boutique.
 23539 | Bazaar   | Found Coamaacw's Antique Armour Emporium.
 23560 | Bazaar   | Found Dosuyso's Book Boutique.
 23580 | Bazaar   | Found Rif Rist's Antique Weapon Shoppe.
 23937 | Shoals:1 | Reached XP level 19. HP: 162/191 MP: 18/18
 23980 | Shoals:1 | Received a gift from Trog
 24294 | Shoals:2 | Noticed Polyphemus
 24813 | Shoals:2 | Killed Polyphemus
 25007 | Shoals:2 | Noticed Nikola
 25020 | Shoals:2 | Killed Nikola
 25635 | Shoals:4 | Entered Level 4 of the Shoals
 25861 | Shoals:3 | Received a gift from Trog
 25987 | Shoals:3 | Identified the +10 dagger of Uceudoer {freeze, *Noise rElec
                  | rCorr Int+5}
 26544 | Shoals:4 | Reached XP level 20. HP: 52/202 MP: 19/19
 26555 | Shoals:4 | Received a gift from Trog
 26555 | Shoals:4 | HP: 6/202 [water nymph/the raging water (10)]
 26555 | Shoals:4 | Mangled by a snapping turtle

Illustrated notes

Levels and vault maps discovered:
D:1:      minmay_arrival_nine_rooms, layout_basic, chequers_mini_garden
D:2:      minmay_evil_eye, layout_basic, basic_altar,
          chequers_serial_rivers_large_b, nrook_mini_vaults
D:3:      layout_rooms, cheibrodos_sewer_entry_sluice, guppyfry_early_lair_pool
D:4:      layout_loops_ring, serial_shops, nicolae_shop_trees
D:5:      layout_basic, nemelex_xobeh_ov_fountains_minmay, enter_ossuary_3,
          chequers_jeans, uniq_prince_ribbit1
D:6:      layout_loops_ring, minmay_temple_entry_glassed_door
D:7:      layout_rooms, slow_altar_2, enter_bailey_3, serial_shops, shop
D:8:      layout_loops_ring, uniq_joseph
D:9:      layout_gridville, nicolae_eternal_life
D:10:     layout_irregular_city, uniq_snorg
D:11:     layout_irregular_city, grunt_lair_entry_orc_guard_hut, uniq_fannar
D:12:     layout_rooms, orc_0_dummy, serial_shops, nicolae_shop_tiny_waterfront
D:13:     layout_rooms, grunt_vaults_entry_tiered, okawaru_metal_pillars_3
D:14:     layout_stronghold, hangedman_decor_clover_reticule,
          grunt_decor_arrowhead
D:15:     grunt_enter_depths_magical_seal, layout_basic, nicolae_water_bricks
Lair:1:   layout_concentric_octagons, gauntlet_entry_generic, uniq_maggie
Lair:2:   minmay_lair_oklob_chamber, layout_small_grid, gammafunk_ghost_ooze,
          enter_volcano_3, portal_ice_cave_entry_ice_simulacra, st_stairs_13,
          grunt_forest_large_clearings, uniq_sonja, uniq_nergalle
Lair:3:   gammafunk_lair_enchanted_lake, layout_big_grid,
          nicolae_shoals_entry_roost, dummy_snake_entry, grunt_megastairs_2,
          lemuel_fruit_fields, uniq_gastronok
Lair:4:   layout_cave_pods, minmay_slime_entry_pillars
Lair:5:   hangedman_lair_tendril_chambers, layout_long_grid, grunt_megastairs_1
Shoals:1: layout_shoals, nicolae_shoals_pincushion_passage
Shoals:2: layout_shoals, uniq_nikola, uniq_polyphemus
Shoals:3: layout_shoals
Shoals:4: shoals_end_grunt_garden, layout_shoals
Orc:1:    layout_diamond_mine, serial_shops, nicolae_shop_tiny_waterfront
Orc:2:    grunt_orc_cross, layout_caves, serial_shops,
          nicolae_shop_behind_doors, uniq_donald, uniq_saint_roka
Elf:1:    eino_elf_arrival_sip, layout_geoelf_grid, minmay_elf_demonology,
          nicolae_elf_v_pinch, drop_trap, minmay_misc_feat_diagonals
Elf:2:    nicolae_elf_blades_splatter_lattice [mumra_blade_entry_bloodbath],
          layout_geoelf_diagonals, basic_altar, grunt_megastairs_3
Elf:3:    elf_hall, layout_rooms, serial_shops, freezing_bzr,
          grunt_ministairs_15, hangedman_glass_teeth, nicolae_elf_altarnating,
          minmay_shoptagon

Skill      XL: |  1  2  3  4  5  6  7  8  9 10 11 12 13 14 15 16 17 18 19 |
---------------+----------------------------------------------------------+-----
Axes           | 4 5 6 7 9 11 13 15 17 18 19 20 21 22 | 22.8
Fighting       | 4 5 6 8 9 10 12 14 16 18 19 21 22 | 22.7
Armour         | 3 4 5 7 8 10 11 12 13 14 15 16 17 18 | 18.2
Dodging        | 3 4 |  4.8
Shields        | 1 5 7 9 11 13 14 16 17 18 | 18.4
Maces & Flails | 2 3 |  3.2
Unarmed Combat | 3 5 6 7 |  7.9

Action                     |  1- 3 |  4- 6 |  7- 9 | 10-12 | 13-15 | 16-18 | 19-21 || total
---------------------------+-------+-------+-------+-------+-------+-------+-------++-------
  Melee: Hand axe          |    74 |   116 |   224 |       |       |       |       ||   414
         Headbutt          |    12 |    24 |    51 |    51 |   174 |   143 |    64 ||   519
         Bite              |     8 |     8 |       |       |       |       |       ||    16
         Punch             |       |     3 |     1 |       |       |       |       ||     4
         Broad axe         |       |       |     7 |   253 |   696 |   611 |   223 ||  1790
         Flail             |       |       |       |     3 |     4 |       |       ||     7
 Invoke: Berserk           |       |     1 |     2 |     3 |     5 |     3 |       ||    14
         Trog's Hand       |       |       |       |       |       |       |     1 ||     1
    Use: Potion            |     3 |     5 |     2 |     1 |       |     1 |     1 ||    13
         Scroll            |     3 |     7 |    10 |     8 |     6 |     3 |     2 ||    39
   Stab: Petrified         |       |       |       |       |       |       |     7 ||     7
         Petrifying        |       |       |       |       |       |       |     1 ||     1
 Armour: Chain mail        |    19 |    26 |    58 |       |       |       |       ||   103
         Animal skin       |     1 |       |       |       |       |       |       ||     1
         Plate armour      |       |       |    16 |    80 |   191 |   175 |   136 ||   598
  Dodge: Dodged            |    31 |    63 |   121 |   114 |   196 |   169 |    91 ||   785
         Repelled          |       |       |       |     1 |    12 |    17 |     4 ||    34
  Block: Kite shield       |       |       |       |    86 |   354 |   367 |   229 ||  1036

Table legend: (Time is in decaauts)
 A = Elapsed time spent in this place.
 B = Non-inter-level travel time spent in this place.
 C = Inter-level travel time spent in this place.
 D = Time resting spent in this place.
 E = Time spent auto-exploring this place.
 F = Levels seen in this place.
 G = Mean time per level.
                   A        B        C        D        E       F      G
               +--------+--------+--------+--------+--------+-----+--------+
         Total |  26352 |  24889 |   1463 |   2018 |  16065 |  37 |  712.2 |
       Dungeon |  11017 |  10325 |    692 |    374 |   7425 |  15 |  734.5 |
          Lair |   4989 |   4554 |    435 |    117 |   3206 |   5 |  997.8 |
        Shoals |   2586 |   2506 |     80 |    122 |   1715 |   4 |  646.5 |
  Orcish Mines |   1864 |   1707 |    157 |    268 |   1088 |   2 |  932.0 |
   Elven Halls |   3027 |   2930 |     97 |    296 |   1735 |   3 | 1009.0 |
         Abyss |   1407 |   1407 |      0 |    347 |    585 |   4 |  351.8 |
        Bazaar |    111 |    111 |      0 |      0 |     92 |   1 |  111.0 |
         Sewer |    363 |    363 |      0 |     69 |     69 |   1 |  363.0 |
       Ossuary |    276 |    276 |      0 |    123 |      0 |   1 |  276.0 |
        Bailey |    709 |    709 |      0 |    300 |    149 |   1 |  709.0 |
               +--------+--------+--------+--------+--------+-----+--------+

Top non-repeatable levels by time:
 Abyss:2: 1407 daAuts
   Orc:2: 1276 daAuts
   Elf:3: 1223 daAuts
  Lair:5: 1082 daAuts
    D:14: 1079 daAuts
  Lair:3: 1051 daAuts
  Lair:2: 967 daAuts
  Lair:1: 952 daAuts
    D:15: 936 daAuts
  Lair:4: 936 daAuts
   Elf:1: 918 daAuts
    D:11: 888 daAuts
    D:10: 887 daAuts
   Elf:2: 885 daAuts
Shoals:1: 859 daAuts
